 Dungeon Crawl Stone Soup version 0.22.1-1-ga44c0e5 (webtiles) character file.

37319 aMcNicky the Swashbuckler (level 14, -2/99 HPs)
             Began as a Halfling Fighter on Oct 24, 2018.
             Was an Elder of Wu Jian.
             Killed from afar by an ogre mage (48 damage)
             ... with a crystal spear
             ... on level 2 of the Orcish Mines.
             The game lasted 01:07:33 (20047 turns).

aMcNicky the Swashbuckler (Halfling Fighter)       Turns: 20047, Time: 01:07:33

Health: -2/99      AC: 28    Str: 21    XL:     14   Next: 28%
Magic:  15/15      EV: 24    Int:  6    God:    Wu Jian [****..]
Gold:   999        SH: 13    Dex: 15    Spells: 13/13 levels left

rFire    . . .     SeeInvis +   a - +2 rapier (venom)
rCold    . . .     Gourm    .   c - +0 shield
rNeg     . . .     Faith    .   k - +0 plate armour
rPois    .         Spirit   .   R - +0 helmet
rElec    .         Reflect  .   s - +0 cloak
rCorr    .         Harm     .   e - +2 pair of gloves
MR       +....                  z - +2 pair of boots
Stlth    ..........             J - amulet of the acrobat
HPRegen  0.26/turn              L - ring of see invisible
MPRegen  0.14/turn              u - +3 ring of protection

@: no status effects
A: small, mutation resistance 1
a: Wall Jump, Serpent's Lash, Renounce Religion


You were on level 2 of the Orcish Mines.
You worshipped Wu Jian.
Wu Jian was greatly pleased with you.
You were not hungry.

You visited 4 branches of the dungeon, and saw 19 of its levels.
You also visited: Sewer and Ice Cave.

You collected 1217 gold pieces.
You spent 218 gold pieces at shops.

Inventory:

Hand Weapons
 a - a +2 rapier of venom (weapon)
 b - a +0 hunting sling
 V - a +0 scimitar of flaming
Missiles
 j - 603 stones (quivered)
 n - 113 sling bullets
 N - 3 throwing nets
Armour
 c - a +0 shield (worn)
 e - a +2 pair of gloves (worn)
 k - a +0 plate armour (worn)
 m - a +0 buckler
 s - a +0 cloak (worn)
 z - a +2 pair of boots (worn)
 R - a +0 helmet (worn)
Jewellery
 u - a +3 ring of protection (right hand)
 J - an amulet of the acrobat (around neck)
 L - a ring of see invisible (left hand)
Wands
 p - a wand of acid (5)
 y - a wand of clouds (6)
 E - a wand of random effects (20)
 G - a wand of iceblast (17)
 I - a wand of scattershot (7)
 K - a wand of flame (33)
 T - a wand of enslavement (20)
Scrolls
 q - 2 scrolls of fog {unknown}
 r - 3 scrolls of enchant weapon
 t - 6 scrolls of blinking
 x - 2 scrolls of magic mapping {unknown}
 B - 6 scrolls of amnesia
 D - 6 scrolls of enchant armour
 H - 4 scrolls of immolation
 M - 7 scrolls of teleportation
 O - 2 scrolls of fear
 W - 2 scrolls of remove curse {@r2}
 Y - a scroll of random uselessness {unknown}
 Z - 2 scrolls of vulnerability {unknown}
Potions
 d - 3 potions of heal wounds
 g - 2 potions of flight
 h - a potion of ambrosia {unknown}
 i - 4 potions of curing {@q1}
 l - a potion of resistance
 o - 2 potions of berserk rage
 v - 3 potions of lignification
 w - 2 potions of agility
 A - a potion of mutation {unknown}
 C - 3 potions of might
 P - 2 potions of haste {unknown}
 Q - a potion of magic {unknown}
 S - 2 potions of cancellation {unknown}
 U - 4 potions of brilliance
Miscellaneous
 X - a fan of gales
Comestibles
 f - 21 rations
 F - 9 chunks of flesh


   Skills:
 + Level 10.0 Fighting
 + Level 16.0(16.4) Short Blades
 - Level 5.7(10.7) Long Blades
 * Level 3.6 Slings
 + Level 11.5 Armour
 * Level 2.7 Dodging
 - Level 11.5 Shields
 + Level 1.6 Evocations


You had 13 spell levels left.
You didn't know any spells.
Your spell library contained the following spells:

 Spells                   Type           Power        Failure   Level  Hunger
 Animate Skeleton         Necr           N/A          100%        1    ##.....
 Pain                     Necr           #...         100%        1    ##.....
 Shock                    Conj/Air       #...         100%        1    ##.....
 Passwall                 Tmut/Erth      #.......     100%        2    ###....
 Swiftness                Chrm/Air       #.......     100%        2    ###....
 Regeneration             Chrm/Necr      #.........   100%        3    ####...
 Static Discharge         Conj/Air       #.......     100%        3    ####...
 Vampiric Draining        Necr           #.........   100%        3    ####...
 Airstrike                Air            #.........   100%        4    #####..
 Animate Dead             Necr           N/A          100%        4    #####..
 Passage of Golubria      Tloc           N/A          100%        4    #####..
 Lee's Rapid Deconstruct  Erth           #.........   100%        5    ######.
 Lightning Bolt           Conj/Air       #.........   100%        5    ######.
 Darkness                 Hex            #.........   100%        6    #######
 Invisibility             Hex            #.......     100%        6    #######


Dungeon Overview and Level Annotations

Branches:
Dungeon (10/15)            Temple (1/1) D:5            Lair (6/6) D:10
 Shoals (0/4) Lair:4        Snake (0/4) Lair:4        Slime (0/5) Lair:6
    Orc (2/2) D:10            Elf (0/3) Orc:2

Altars:
Ashenzari
Cheibriados
Dithmenos
Elyvilon
Fedhas
Gozag
Hepliaklqana
Kikubaaqudgha
Makhleb
Nemelex Xobeh
Okawaru
Qazlal
Ru
Sif Muna
Trog
Uskayaw
Vehumet
Wu Jian
Xom
Yredelemnul
Zin
The Shining One
Jiyva

Shops:
D:4 (   D:5 *

Annotations:
D:8 2 runed doors, dscm's ghost, novice FeFi
Lair:3 exclusion: oklob plant
Lair:4 2 runed doors, exclusion: oklob plant, 1player's ghost, journeyman GrEE


Innate Abilities, Weirdness & Mutations

You are small and have problems with some larger weapons.
You are somewhat resistant to further mutation.


Message History

You block the ogre's attack.
You feel yourself speed up.
The ogre mage casts a spell at the two-headed ogre.
The two-headed ogre seems to speed up.
You spin and attack the ogre repeatedly.
You hit the ogre.
The ogre is lightly wounded.
You hit the ogre.
The ogre is poisoned.
The ogre is moderately wounded.
The ogre hits you with a giant club! You block the two-headed ogre's attack.
The two-headed ogre hits you with a giant spiked club.
The two-headed ogre hits you but does no damage.
The two-headed ogre misses you.
The ogre mage casts a spell.
The ogre mage blinks!
The ogre mage misses you.
The ogre mage points at you and mumbles some strange words.
The crystal spear hits you!
You die...

........## ###....#...#
...%.....####.#........##
..%.....###.#...........##
O...O.#(###.#...#........##
)))O......##....##........###
...##O...ยง.......##....<....##
#...###.#.O.....##.....(.....#
##..##....OO.O..##........#.##
#O.###...#..O.O@).........##
#..# ##.###...........##.##
...# ### ##O........##### ...#
###......##.## ..# ##
#.....###...# #...#......##..##
#....#......##
#....#.......####
........#........#.##


You could see 3 two-headed ogres, an ogre mage and 3 ogres.

Vanquished Creatures
  Harold (D:7)
  4 hydras
  Erica (D:8)
  6 death yaks (Lair:4)
  A queen ant (Lair:3)
  An ogre mage (Orc:2)
  4 two-headed ogres
  Urug (Orc:2)
  Pikel (D:7)
  An ugly thing (IceCv)
  An orc sorcerer (Orc:2)
  2 black mambas
  A centaur zombie (D:10)
  2 rime drakes
  8 spiny frogs
  4 komodo dragons
  2 polar bears
  17 blink frogs
  A hornet (D:8)
  7 hippogriffs
  A spriggan (D:7)
  2 basilisks
  29 yaks
  A hungry ghost (D:7)
  Edmund (D:6)
  Menkaure (D:7)
  A warg (Orc:2)
  2 nagas (Lair:4)
  6 soldier ants (Lair:3)
  15 water moccasins
  16 porcupines
  9 ice beasts
  3 orc warriors
  A slave (D:7)
  A phantom (D:8)
  4 wolves (Lair:2)
  2 centaurs
  2 big kobolds
  5 crocodiles
  7 bullfrogs
  5 killer bees (D:8)
  4 wights (D:9)
  3 howler monkeys
  4 crimson imps
  A quasit (D:7)
  A bullfrog skeleton (D:8)
  9 orc priests
  4 jellies
  2 hounds
  7 orc wizards
  30 worker ants
  3 hound zombies
  8 gnolls
  11 adders
  2 shadow imps
  12 white imps (Lair:1)
  12 oozes (Lair:3)
  2 worms
  6 leopard geckos
  44 orcs
  2 giant cockroaches
  9 goblins
  5 hobgoblins
  8 jackals
  3 quokkas
  A ball python (D:2)
  A ball python skeleton (D:6)
  7 bats
  A frilled lizard (D:1)
  18 kobolds
  A quokka skeleton (D:4)
  A quokka zombie (D:4)
  10 rats
412 creatures vanquished.

Vanquished Creatures (others)
  A slave (D:8)
  A bullfrog (D:8)
  An orc wizard (D:3)
  14 fungi
17 creatures vanquished.

Grand Total: 429 creatures vanquished

Notes
Turn   | Place    | Note
-------+----------+-------------------------------------------
     0 | D:1      | aMcNicky the Halfling Fighter began the quest for the Orb.
     0 | D:1      | Reached XP level 1. HP: 15/15 MP: 1/1
   232 | D:1      | Reached XP level 2. HP: 8/20 MP: 2/2
   549 | D:1      | Reached XP level 3. HP: 25/25 MP: 3/3
  1270 | D:2      | Reached XP level 4. HP: 24/31 MP: 4/4
  1931 | D:3      | Found a glowing drain.
  1935 | Sewer    | Entered a sewer
  2013 | Sewer    | Noticed a big kobold
  2083 | Sewer    | Killed a big kobold
  2083 | Sewer    | Reached XP level 5. HP: 29/36 MP: 5/5
  2174 | Sewer    | Found a white marble altar of Elyvilon.
  2409 | D:3      | Reached skill level 5 in Long Blades
  2501 | D:3      | Reached XP level 6. HP: 42/42 MP: 6/6
  3179 | D:4      | Found a bloodstained altar of Trog.
  3533 | D:4      | Found Byruge Noeh's Weapon Shop.
  3584 | D:4      | Reached skill level 1 in Short Blades
  3882 | D:5      | Entered Level 5 of the Dungeon
  3974 | D:5      | Reached XP level 7. HP: 40/46 MP: 7/7
  4042 | D:5      | Reached skill level 2 in Short Blades
  4249 | D:5      | Found a staircase to the Ecumenical Temple.
  4374 | D:5      | Found a radiant altar of Vehumet.
  4404 | D:5      | Found Saruytos's Superlative Supplies.
  4964 | Temple   | Entered the Ecumenical Temple
  5108 | Temple   | Became a worshipper of the Wu Jian Council
  5155 | D:6      | Noticed Edmund
  5291 | D:6      | Reached skill level 3 in Short Blades
  5527 | D:6      | Killed Edmund
  5527 | D:6      | Reached skill level 4 in Short Blades
  5527 | D:6      | Reached XP level 8. HP: 48/54 MP: 8/8
  5531 | D:6      | Reached skill level 5 in Shields
  5605 | D:4      | Bought a +2 rapier of venom for 218 gold pieces
  5974 | D:6      | Reached skill level 5 in Short Blades
  6084 | D:7      | Noticed Menkaure
  6095 | D:7      | Killed Menkaure
  6095 | D:7      | Reached skill level 5 in Armour
  6128 | D:7      | Noticed a hippogriff
  6451 | D:7      | Noticed a spriggan baker
  6466 | D:7      | Killed a spriggan baker
  6466 | D:7      | Reached * piety under Wu Jian
  6466 | D:7      | Reached skill level 6 in Short Blades
  6466 | D:7      | Reached XP level 9. HP: 57/59 MP: 9/9
  6638 | D:7      | Killed a hippogriff
  6638 | D:7      | Reached skill level 5 in Fighting
  6638 | D:7      | Reached skill level 7 in Short Blades
  6714 | D:7      | Found a snail-covered altar of Cheibriados.
  6715 | D:7      | Found a shimmering altar of Xom.
  6946 | D:7      | Noticed Pikel
  6969 | D:7      | Killed Pikel
  7219 | D:7      | Noticed Harold
  7247 | D:7      | Killed Harold
  7247 | D:7      | Reached skill level 8 in Short Blades
  7247 | D:7      | Reached XP level 10. HP: 52/68 MP: 10/10
  7535 | D:7      | Reached skill level 9 in Short Blades
  8106 | D:8      | Noticed Erica
  8145 | D:8      | Killed Erica
  8354 | D:8      | Noticed a seven-headed hydra
  8361 | D:8      | Killed a seven-headed hydra
  8361 | D:8      | Reached skill level 10 in Short Blades
  8640 | D:8      | Found a deep blue altar of Sif Muna.
  8740 | D:8      | Found a large runed door.
  8741 | D:8      | Found a large runed door.
  8771 | D:8      | Noticed dscm's ghost (novice FeFi)
  8985 | D:8      | Found a hide-covered altar of Uskayaw.
  8989 | D:8      | Noticed a hand axe
  8989 | D:8      | Noticed a hand axe
  9459 | D:9      | Reached XP level 11. HP: 74/74 MP: 11/11
 10158 | D:10     | Entered Level 10 of the Dungeon
 10241 | D:10     | Found a staircase to the Orcish Mines.
 10358 | D:10     | Reached skill level 11 in Short Blades
 10401 | D:10     | Reached ** piety under Wu Jian
 10505 | D:10     | Found a staircase to the Lair.
 10564 | D:10     | Found a shadowy altar of Dithmenos.
 10751 | Lair:1   | Entered Level 1 of the Lair of Beasts
 10755 | Lair:1   | Found a frozen archway.
 10923 | IceCv    | Entered an ice cave
 11066 | IceCv    | Noticed a white ugly thing
 11084 | IceCv    | Killed a white ugly thing
 12010 | Lair:1   | Reached skill level 12 in Short Blades
 12491 | Lair:2   | Noticed a four-headed hydra
 12509 | Lair:2   | Killed a four-headed hydra
 12767 | Lair:2   | Reached XP level 12. HP: 50/82 MP: 12/12
 13676 | Lair:3   | Reached skill level 13 in Short Blades
 13944 | Lair:3   | Reached *** piety under Wu Jian
 14453 | Lair:3   | Reached skill level 10 in Shields
 14815 | Lair:3   | Reached **** piety under Wu Jian
 14875 | Lair:3   | Noticed a queen ant
 14887 | Lair:3   | Killed a queen ant
 14887 | Lair:3   | Reached skill level 10 in Armour
 15510 | Lair:4   | Reached skill level 14 in Short Blades
 15722 | Lair:4   | Found a staircase to the Snake Pit.
 15749 | Lair:4   | Reached XP level 13. HP: 90/90 MP: 13/13
 15756 | Lair:4   | Found a staircase to the Shoals.
 15927 | Lair:4   | Found a large runed door.
 15928 | Lair:4   | Found a large runed door.
 15938 | Lair:4   | Noticed 1player's ghost (journeyman GrEE)
 16247 | Lair:4   | Reached skill level 15 in Short Blades
 17659 | Lair:5   | Noticed a six-headed hydra
 17695 | Lair:5   | Killed a six-headed hydra
 18458 | Lair:6   | Entered Level 6 of the Lair of Beasts
 18459 | Lair:6   | Noticed a four-headed hydra
 18474 | Lair:6   | Killed a four-headed hydra
 18718 | Lair:6   | Found a staircase to the Slime Pits.
 18729 | Lair:6   | Found a viscous altar of Jiyva.
 18756 | Lair:6   | Reached XP level 14. HP: 77/98 MP: 14/14
 18757 | Lair:6   | Reached ***** piety under Wu Jian
 19027 | Lair:6   | Got a colourful robe
 19038 | Lair:6   | Identified the +1 robe of Gyotug {Regen+ Str+3 SInv} (You
                  | found it on level 6 of the Lair of Beasts)
 19662 | Orc:1    | Entered Level 1 of the Orcish Mines
 19677 | Orc:1    | Reached skill level 1 in Slings
 19792 | Orc:2    | Entered Level 2 of the Orcish Mines
 19864 | Orc:2    | Noticed Urug
 19904 | Orc:2    | Killed Urug
 19904 | Orc:2    | Reached skill level 1 in Dodging
 19930 | Orc:2    | Found a staircase to the Elven Halls.
 19942 | Orc:2    | Paralysed by an orc sorcerer for 5 turns
 20026 | Orc:2    | Reached skill level 1 in Evocations
 20026 | Orc:2    | Reached skill level 16 in Short Blades
 20030 | Orc:2    | Reached skill level 10 in Fighting
 20047 | Orc:2    | Killed from afar by an ogre mage

Skill      XL: |  1  2  3  4  5  6  7  8  9 10 11 12 13 14 |
---------------+-------------------------------------------+-----
Fighting       | 3 4 5 6 7 8 9 10 | 10.0
Long Blades    | 3 4 5 |  5.7
Shields        | 4 5 7 8 9 10 11 | 11.5
Short Blades   | 1 4 6 8 10 12 14 15 16 | 16.0
Armour         | 4 5 6 7 9 10 11 | 11.5
Slings         | 3 |  3.6
Dodging        | 2 |  2.7
Evocations     | 1 |  1.6

Action                   |  1- 3 |  4- 6 |  7- 9 | 10-12 | 13-15 || total
-------------------------+-------+-------+-------+-------+-------++-------
Melee: Long sword        |    70 |   184 |       |       |       ||   254
       Dagger            |       |   100 |    80 |       |       ||   180
       Rapier            |       |       |   163 |  1001 |   638 ||  1802
 Fire: Hunting sling     |    11 |    13 |     4 |     6 |       ||    34
Invok: Lunge             |       |       |    26 |   111 |    60 ||   197
       Whirlwind         |       |       |     3 |   316 |   187 ||   506
       Wall Jump         |       |       |       |    59 |    41 ||   100
       Serpent's Lash    |       |       |       |       |     1 ||     1
 Abil: Wall Jump         |       |       |       |     8 |       ||     8
Evoke: Wand              |       |       |     1 |     2 |       ||     3
  Use: Potion            |     1 |     3 |     1 |     3 |     1 ||     9
       Scroll            |       |     3 |     1 |    10 |     5 ||    19
  Eat: Chunk             |     1 |     9 |     9 |    15 |     5 ||    39
       Ration            |       |       |     2 |     4 |     3 ||     9
Armor: Scale mail        |    27 |    15 |       |       |       ||    42
       Plate armour      |       |   102 |    84 |   257 |   153 ||   596
Dodge: Dodged            |    30 |    40 |    36 |   133 |    83 ||   322
Block: Shield            |    41 |   126 |    87 |   267 |   191 ||   712
       Rpst.: Long sword |    11 |     8 |       |       |       ||    19
